 Dungeon Crawl Stone Soup version 0.28-a0-1395-g4f6bc678fa (webtiles) character file.

Game seed: 1447342599742703280

78792 Deminshera the Dancer (level 15, -3/88 HPs)
             Began as a Vine Stalker Brigand on Jan 4, 2022.
             Was a Believer of Uskayaw.
             Killed from afar by an ironbound frostheart (11 damage)
             ... by creeping frost
             ... in an ice cave.
             The game lasted 00:56:19 (23408 turns).

Deminshera the Dancer (Vine Stalker Brigand)       Turns: 23408, Time: 00:56:20

Health: -3/88      AC: 22    Str: 16    XL:     15   Next: 61%
Magic:  0/27       EV: 12    Int:  9    God:    Uskayaw [**....]
Gold:   1193       SH: 17    Dex: 24    Spells: 14/14 levels left

rFire   + . .      SeeInvis +   D - +2 dagger (venom)
rCold   + + +      Faith    .   F - +2 kite shield {reflect}
rNeg    + . .      Spirit   +   c - +3 pearl dragon scales of Parlour Games {rN+ Dex+3}
rPois   .          Reflect  +   O - +1 hat {Will+}
rElec   .          Harm     .   q - scarf {rC+ rF+}
rCorr   .          Rampage  .   Q - +1 pair of gloves {infuse}
Will    +++..                   e - +3 pair of boots of Lust {Fly rC++ Regen+ Int-2}
Stlth   +++.......              P - amulet of regeneration
HPRegen 2.64/turn               z - ring of willpower
MPRegen 0.20/turn               X - ring of see invisible

@: about to teleport, frozen, flying, very slow
A: fangs 3, regeneration 1, magic shield, antimagic bite, no potion heal 2,
robust 1
a: Renounce Religion, Stomp, Line Pass


You were in an ice cave.
You worshipped Uskayaw.
Uskayaw was pleased with you.
You visited 3 branches of the dungeon, and saw 22 of its levels.
You also visited: Gauntlet, Ice Cave and Volcano.

You collected 1548 gold pieces.
You spent 355 gold pieces at shops.

Inventory:

Hand Weapons
 a - a +1 rapier of protection
 D - a +2 dagger of venom (weapon)
Missiles
 d - 98 poisoned darts
 m - 8 curare-tipped darts
 C - a throwing net (quivered)
Armour
 c - the +3 pearl dragon scales of Parlour Games (worn) {rN+ Dex+3}
   (You found it on level 6 of the Lair of Beasts)

   Dex:       It affects your dexterity (+3).
   rN:        It protects you from negative energy.
 e - the +3 pair of boots of Lust (worn) {Fly rC++ Regen+ Int-2}
   (You acquired it on level 4 of the Dungeon)

   Int:       It affects your intelligence (-2).
   rC:        It greatly protects you from cold.
   Fly:       It grants you flight.
   Regen:     It increases your rate of health regeneration.
 l - a +4 ring mail of fire resistance
 q - a scarf of resistance (worn)
 s - +0 ice dragon scales
 F - a +2 kite shield of reflection (worn)
 J - a +1 ring mail of willpower
 O - a +1 hat of willpower (worn)
 Q - a +1 pair of gloves of infusion (worn)
Jewellery
 i - a ring of protection from cold
 r - the amulet "Yziaph" {RegenMP Harm Int+2 Stlth-}
   (You found it on level 6 of the Lair of Beasts)

   [amulet of magic regeneration]

   It increases your rate of magic regeneration.
   Int:       It affects your intelligence (+2).
   Harm:      It increases damage dealt and taken.
   Stlth:     It makes you less stealthy.
 z - a ring of willpower (left hand)
 A - a ring of poison resistance
 E - the ring "Ehosor" {Wiz rElec rC- rN+++ Dex+4}
   (You found it in a Gauntlet)

   [ring of wizardry]

   It improves your spell success rate.
   Dex:       It affects your dexterity (+4).
   rC:        It makes you vulnerable to cold.
   rElec:     It insulates you from electricity.
   rN:        It renders you almost immune to negative energy.
 K - an amulet of the acrobat
 P - an amulet of regeneration (around neck)
 X - a ring of see invisible (right hand)
Wands
 b - a wand of mindburst (12)
 h - a wand of polymorph (11)
 w - a wand of iceblast (27)
 y - a wand of flame (24)
 B - a wand of charming (4)
 I - a wand of digging (6)
 M - a wand of paralysis (5)
Scrolls
 g - 4 scrolls of vulnerability
 n - a scroll of torment
 o - 2 scrolls of enchant weapon
 t - 7 scrolls of teleportation
 u - 9 scrolls of identify
 v - 3 scrolls of summoning
 G - a scroll of fog
 H - 2 scrolls of amnesia
 L - 2 scrolls of fear
 N - a scroll of holy word
 W - a scroll of silence
Potions
 f - a potion of brilliance
 j - 2 potions of cancellation
 k - 3 potions of lignification
 p - 2 potions of resistance
 x - 9 potions of curing
 T - a potion of magic
 U - a potion of haste
 V - a potion of flight


   Skills:
 - Level 10.0 Fighting
 - Level 10.0 Short Blades
 - Level 3.0 Throwing
 + Level 4.0 Armour
 + Level 4.7 Dodging
 - Level 10.0 Stealth
 + Level 13.4 Shields
 - Level 15.0 Invocations


You had 14 spell levels left.
You didn't know any spells.
Your spell library contained the following spells:

 Spells                   Type           Power      Damage    Failure   Level
 Beastly Appendage        Tmut           0%         N/A       92%         1
 Slow                     Hex            0%         N/A       92%         1
 Corpse Rot               Necr/Air       0%         N/A       98%         2
 Poisonous Vapours        Pois/Air       0%         N/A       98%         2
 Scorch                   Fire           0%         2d5       98%         2
 Sublimation of Blood     Necr           0%         N/A       98%         2
 Wereblood                Tmut           0%         N/A       98%         2
 Confusing Touch          Hex            0%         N/A       100%        3
 Gell's Gravitas          Tloc           0%         N/A       100%        3
 Ignite Poison            Fire/Tmut/Pois 0%         N/A       100%        3
 Lesser Beckoning         Tloc           0%         N/A       100%        3
 Mephitic Cloud           Conj/Pois/Air  0%         N/A       100%        3
 Spider Form              Tmut/Pois      0%         N/A       100%        3
 Teleport Other           Tloc           0%         N/A       100%        3
 Vampiric Draining        Necr           0%         2d6       100%        3
 Flame Wave               Conj/Fire      0%         2d4       100%        4
 Fulminant Prism          Conj/Hex       0%         3d6       100%        4
 Iskenderun's Mystic Bla  Conj/Tloc      0%         2d3       100%        4
 Leda's Liquefaction      Hex/Erth       0%         N/A       100%        4
 Summon Lightning Spire   Summ/Air       0%         N/A       100%        4
 Fireball                 Conj/Fire      0%         3d3       100%        5
 Freezing Cloud           Conj/Ice/Air   0%         6-21      100%        5
 Iskenderun's Battlesphe  Conj           0%         2d6       100%        5
 Lee's Rapid Deconstruct  Erth           0%         3d5*      100%        5
 Conjure Ball Lightning   Conj/Air       0%         3x3d6     100%        6
 Dispersal                Tloc           0%         N/A       100%        6
 Statue Form              Tmut/Erth      0%         N/A       100%        6
 Summon Cactus Giant      Summ           0%         N/A       100%        6
 Orb of Destruction       Conj           0%         N/A       100%        7
 Storm Form               Tmut/Air       0%         N/A       100%        7
 Summon Hydra             Summ           0%         N/A       100%        7
 Maxwell's Capacitive Co  Air            0%         ∞         100%        8


Dungeon Overview and Level Annotations

Branches:
Dungeon (15/15)            Temple (1/1) D:5            Lair (6/6) D:10
  Snake (0/4) Lair:3       Spider (0/4) Lair:4        Slime (0/5) Lair:5
    Orc (0/2) D:11         Vaults (0/5) D:13         Depths (0/4) D:15
  IceCv (1/1)             Volcano (visited)         Gauntlet (visited)

Altars:
Ashenzari
Elyvilon
Gozag
Hepliaklqana
Kikubaaqudgha
Makhleb
Nemelex Xobeh
Okawaru
Ru
Sif Muna
Trog
Uskayaw
Vehumet
Xom
Yredelemnul
Zin
The Shining One
Jiyva

Shops:
D:1 [*   D:4 *   D:8 [   D:11 **   D:13 (

Portals:
Trove: D:11 (give 6 scrolls of fear)

Annotations:
Lair:4 exclusion: oklob plant


Innate Abilities, Weirdness & Mutations

You have razor-sharp teeth.
Your natural rate of healing is unusually fast.
When hurt, damage is shared between your health and your magic reserves.
Your bite disrupts and absorbs the magic of your enemies.
Potions cannot restore your health.
You are robust. (+10% HP)


Message History

The white draconian hits you with a +1 scimitar of freezing.
You barely miss the white draconian.
The white draconian is lightly wounded.
The white ugly thing engulfs you. The white ugly thing freezes you. You resist.
You barely miss the white draconian.
You bite the white draconian, but do no damage.
The white draconian is lightly wounded.
You block the white draconian's attack.
Unknown command.
You hit the white draconian but do no damage.
The white draconian looks as sick as possible!
Your bite misses the white draconian.
The white draconian is lightly wounded.
The ironbound frostheart calls freezing cold from the walls.
The frost grips you!! You partially resist.
You block the white ugly thing's attack.
You hit the white draconian but do no damage.
The white draconian looks as sick as possible!
You bite the white draconian, but do no damage.
The white draconian is lightly wounded.
The ironbound frostheart calls freezing cold from the walls.
The frost grips you!! You partially resist.
* * * LOW HITPOINT WARNING * * *
The white draconian closely misses you.
As you read the scroll of teleportation, it crumbles to dust.
You feel strangely unstable. The ice encasing you melts away.
You block the white ugly thing's attack.
The white draconian hits you but does no damage.
The ironbound frostheart calls freezing cold from the walls.
The frost grips you.
* * * LOW HITPOINT WARNING * * *
You are encased in ice.
The ironbound frostheart calls freezing cold from the walls.
The frost grips you!! You partially resist.
* * * LOW HITPOINT WARNING * * *
Okay, then.
The ironbound frostheart calls freezing cold from the walls.
The frost grips you! You partially resist.
You die...

##...##........#.....
#..#...#............#
#..######..........#
##..## ##.#....#.##
##..## ####..##
##..## ##..# ##..#
##..## ##..## #..##
#.@## #.[†## #.##
##.††## #ud# ##.†.#
#pp## ##...# #u##
#.†.## #p# ##†".##
#.# ##.....## ...
#...∩...# ##
#.......#


You could see a white draconian (extremely poisoned), 2 ugly things and 3
ironbound frosthearts.

Vanquished Creatures
  The ghost of Conn the Arsonist, a journeyman OpFE of Sif Muna (Lair:6)
  A minotaur (Gauntlet)
  Snorg (D:14)
  Josephine (D:11)
  2 ice dragons (IceCv)
  Harold (D:7)
  8 hydras
  A ghost crab (Gauntlet)
  A catoblepas (Lair:6)
  An ironbound frostheart (IceCv)
  2 boulder beetles
  Erica (D:9)
  4 centaur warriors
  3 two-headed ogres
  A deep troll shaman (Lair:6)
  11 death yaks (Lair:6)
  5 tengu warriors
  Nergalle (Lair:4)
  A fire crab (shapeshifter) (D:14)
  A fire crab (Gauntlet)
  A spriggan simulacrum (D:15)
  3 swamp dragons (Lair:2)
  Pikel (D:8)
  3 deep elf pyromancers
  4 ugly things
  3 cyclopes
  An orc sorcerer (Volcano)
  A moth of wrath (Lair:6)
  3 black mambas
  15 elephants
  5 centaur zombies
  A smoke demon (Volcano)
  A molten gargoyle (D:14)
  A torpor snail (Lair:4)
  A gargoyle (D:12)
  13 cane toads
  2 unseen horrors (D:12)
  Maggie (D:9)
  Psyche (D:11)
  3 rime drakes (IceCv)
  7 komodo dragons
  A tengu conjurer (D:12)
  2 entropy weaver simulacra (D:15)
  2 red devils (Volcano)
  2 polar bears (shapeshifter) (D:12)
  A troll (D:12)
  A hornet (D:15)
  6 polar bears
  10 blink frogs
  13 slime creatures
  Prince Ribbit (D:7)
  4 shadows
  6 wraiths
  2 wyverns
  21 yaks
  A yak (shapeshifter) (D:12)
  A dire elephant simulacrum (D:15)
  A steam dragon (D:7)
  4 fire bats (Gauntlet)
  A human (shapeshifter) (D:12)
  A minotaur simulacrum (D:15)
  Eustachio (D:4)
  A basilisk (Lair:1)
  2 vampire mosquitoes (D:12)
  3 wargs (D:10)
  Edmund (D:3)
  2 nagas (Lair:3)
  3 hell hounds (Volcano)
  19 water moccasins
  5 orc warriors
  3 black bears
  2 sky beasts
  2 alligator simulacra (D:15)
  3 necrophages (D:5)
  4 ogres
  14 centaurs
  25 wolves
  2 phantoms
  4 lemures (D:8)
  4 kobold brigands
  15 bullfrogs
  2 gnoll sergeants
  A deep troll simulacrum (D:15)
  A wyvern zombie (D:6)
  4 scorpions
  6 wights
  A howler monkey (D:5)
  An electric eel (Lair:4)
  5 lava snakes (D:14)
  6 orc priests
  A hound (D:3)
  3 jellies
  A centaur skeleton (D:6)
  7 iguanas
  Jessica (D:3)
  2 bullfrog skeletons
  14 orc wizards
  A scorpion zombie (D:5)
  Natasha (twice) (D:2)
  3 howler monkey zombies
  Robin (D:1)
  8 adders
  7 gnolls
  A howler monkey skeleton (D:7)
  2 shadow imps (Gauntlet)
  2 white imps
  10 worms
  3 dart slugs
  40 orcs
  5 bats
  7 endoplasms
  6 giant cockroaches
  9 goblins
  16 hobgoblins
  6 quokkas
  6 ball pythons
  2 frilled lizards (D:3)
  27 kobolds
  5 rats
540 creatures vanquished.

Vanquished Creatures (collateral kills)
  2 hydras
2 creatures vanquished.

Vanquished Creatures (others)
  A cane toad (Lair:6)
  2 wyverns
  A water moccasin (Lair:6)
  15 demonic plants (Gauntlet)
  26 fungi
  55 plants
100 creatures vanquished.

Grand Total: 642 creatures vanquished

Notes
Turn   | Place    | Note
-------+----------+-------------------------------------------
     0 | D:1      | Deminshera the Vine Stalker Brigand began the quest for the
                  | Orb.
     0 | D:1      | Reached XP level 1. HP: 11/11 MP: 2/2
     2 | D:1      | Found a faded altar of an unknown god.
    95 | D:1      | Reached skill level 1 in Dodging
    95 | D:1      | Reached XP level 2. HP: 7/15 MP: 1/3
   118 | D:1      | Reached skill level 5 in Stealth
   794 | D:1      | Found Bikuw's Armour Shop.
   848 | D:1      | Found Zoveum's General Store.
  1065 | D:2      | Reached XP level 3. HP: 18/18 MP: 4/4
  1445 | D:2      | Noticed Natasha
  1452 | D:2      | Killed Natasha
  1456 | D:2      | Noticed Robin
  1614 | D:1      | Killed Robin
  1615 | D:1      | Gained mutation: Your natural rate of healing is unusually
                  | fast. [Vine Stalker growth]
  1615 | D:1      | Reached XP level 4. HP: 5/23 MP: 5/5
  1853 | D:2      | Noticed an ogre
  1880 | D:2      | Killed an ogre
  1881 | D:2      | Reached XP level 5. HP: 18/27 MP: 6/6
  1918 | D:2      | Noticed Natasha
  1927 | D:2      | Killed Natasha
  1999 | D:2      | Reached XP level 6. HP: 27/32 MP: 4/7
  3009 | D:3      | Noticed Jessica
  3030 | D:3      | Killed Jessica
  3388 | D:3      | Gained mutation: You are robust. (+10% HP) [potion of
                  | mutation]
  3494 | D:4      | Noticed Edmund
  3567 | D:3      | Killed Edmund
  3568 | D:3      | Reached XP level 7. HP: 31/39 MP: 5/8
  3863 | D:4      | Found Kinlei's Overcharged Wands.
  4294 | D:4      | Noticed Eustachio
  4306 | D:4      | Killed Eustachio
  4407 | D:4      | Gained mutation: You have razor-sharp teeth. [Vine Stalker
                  | growth]
  4407 | D:4      | Reached XP level 8. HP: 46/46 MP: 7/9
  4867 | D:5      | Entered Level 5 of the Dungeon
  4867 | D:5      | Found a staircase to the Ecumenical Temple.
  4869 | D:5      | Reached skill level 5 in Fighting
  4879 | Temple   | Entered the Ecumenical Temple
  4959 | Temple   | Became a worshipper of Uskayaw the Reveller
  5009 | D:5      | Reached * piety under Uskayaw
  5079 | D:5      | Reached ** piety under Uskayaw
  5099 | D:5      | Reached *** piety under Uskayaw
  5723 | D:5      | Reached skill level 10 in Stealth
  5729 | D:5      | Reached XP level 9. HP: 43/53 MP: 10/10
  5732 | D:5      | Reached **** piety under Uskayaw
  5879 | D:5      | Reached skill level 1 in Invocations
  5905 | D:5      | Reached ***** piety under Uskayaw
  5906 | D:5      | Reached skill level 2 in Invocations
  6219 | D:6      | Reached skill level 3 in Invocations
  6328 | D:6      | Reached skill level 1 in Shields
  6573 | D:4      | Identified a scroll of acquirement
  6573 | D:4      | Acquired the +3 pair of boots of Lust {Fly rC++ Regen+
                  | Int-2}
  6971 | D:7      | Reached skill level 4 in Invocations
  7241 | D:7      | Found a shimmering blue altar of Sif Muna.
  7793 | D:8      | Noticed Prince Ribbit
  7861 | D:7      | Killed Prince Ribbit
  7862 | D:7      | Reached XP level 10. HP: 40/62 MP: 10/14
  7899 | D:8      | Noticed Harold
  7948 | D:7      | Killed Harold
  7949 | D:7      | Reached skill level 5 in Invocations
  8187 | D:8      | Found Abbudu's Armour Shop.
  8263 | D:8      | Bought a +4 ring mail of fire resistance for 310 gold
                  | pieces
  8344 | D:8      | Reached skill level 6 in Invocations
  8346 | D:8      | Noticed a cyclops
  8366 | D:8      | Reached ****** piety under Uskayaw
  8367 | D:8      | Killed a cyclops
  8492 | D:8      | Reached skill level 7 in Invocations
  8655 | D:8      | Noticed Pikel
  8670 | D:8      | Found a white marble altar of Elyvilon.
  8766 | D:8      | Killed Pikel
  8767 | D:8      | Reached skill level 10 in Fighting
  8767 | D:8      | Reached XP level 11. HP: 69/69 MP: 17/17
  8767 | D:8      | Found a shimmering altar of Xom.
  8827 | D:8      | Bought a +0 pair of gloves for 45 gold pieces
  8843 | D:9      | Noticed a two-headed ogre
  8848 | D:9      | Noticed a two-headed ogre
  8871 | D:9      | Killed a two-headed ogre
  8872 | D:9      | Reached skill level 8 in Invocations
  8889 | D:9      | Killed a two-headed ogre
  8890 | D:9      | Reached skill level 9 in Invocations
  9201 | D:9      | Noticed Maggie
  9206 | D:9      | Killed Maggie
  9539 | D:9      | Noticed Erica
  9606 | D:9      | Killed Erica
  9607 | D:9      | Reached skill level 10 in Invocations
  9852 | D:10     | Entered Level 10 of the Dungeon
 10128 | D:10     | Found a staircase to the Lair.
 10768 | D:11     | Found a portal to a secret trove of treasure.
 10819 | D:11     | Reached skill level 11 in Invocations
 10831 | D:11     | Reached skill level 5 in Short Blades
 10841 | D:11     | Found Buemuu Ryots's General Store.
 10841 | D:11     | Noticed Josephine
 10846 | D:11     | Found Qusheogy's Specific Store.
 10917 | D:11     | Noticed Psyche
 10920 | D:11     | Killed Psyche
 10937 | D:11     | Killed Josephine
 10969 | D:11     | Found a staircase to the Orcish Mines.
 11001 | D:11     | Acquired a +1 kite shield of reflection
 11153 | D:12     | Noticed a tengu warrior
 11182 | D:12     | Killed a tengu warrior
 11183 | D:12     | Reached XP level 12. HP: 50/73 MP: 17/21
 11561 | Lair:1   | Entered Level 1 of the Lair of Beasts
 11563 | Lair:1   | Noticed a five-headed hydra
 11620 | D:10     | Killed a five-headed hydra
 11629 | D:10     | Reached skill level 5 in Shields
 12001 | Lair:1   | Reached skill level 12 in Invocations
 12919 | Lair:2   | Found a transporter.
 13235 | Lair:2   | Found a transporter.
 13268 | Lair:2   | Noticed an eight-headed hydra
 13685 | Lair:2   | Found a bloodstained altar of Trog.
 13774 | Lair:2   | Killed an eight-headed hydra
 14400 | Lair:2   | Reached XP level 13. HP: 54/79 MP: 18/23
 14407 | Lair:2   | Reached skill level 13 in Invocations
 14480 | Lair:3   | Found a staircase to the Snake Pit.
 15498 | Lair:4   | Found a hole to the Spider Nest.
 15546 | Lair:4   | Found a gate leading to a gauntlet.
 15557 | Gauntlet | Entered a Gauntlet
 15557 | Gauntlet | Found a large runed translucent door.
 15557 | Gauntlet | Found a large runed translucent door.
 15557 | Gauntlet | Found a large runed translucent door.
 15557 | Gauntlet | Found a large runed translucent door.
 15557 | Gauntlet | Found a large runed translucent door.
 15557 | Gauntlet | Found a large runed translucent door.
 15557 | Gauntlet | Found a large runed translucent door.
 15557 | Gauntlet | Found a large runed translucent door.
 15557 | Gauntlet | Found a runed translucent door.
 15557 | Gauntlet | Found a runed translucent gate.
 15557 | Gauntlet | Found a transporter.
 15557 | Gauntlet | Found a transporter.
 15557 | Gauntlet | Found a runed translucent gate.
 15557 | Gauntlet | Found a transporter.
 15558 | Gauntlet | Found a transporter.
 15561 | Gauntlet | Found a transporter.
 15561 | Gauntlet | Found a transporter.
 15571 | Gauntlet | Found a transporter.
 15571 | Gauntlet | Found a transporter.
 15575 | Gauntlet | Found a transporter.
 15590 | Gauntlet | Found a transporter.
 15591 | Gauntlet | Found a transporter.
 15591 | Gauntlet | Noticed a reaper
 15609 | Gauntlet | Found a transporter.
 15629 | Gauntlet | Found a runed translucent gate.
 15630 | Gauntlet | Found a large runed translucent door.
 15630 | Gauntlet | Found a large runed translucent door.
 15631 | Gauntlet | Found a large runed translucent door.
 15632 | Gauntlet | Found a large runed translucent door.
 15633 | Gauntlet | Found a large runed translucent door.
 15633 | Gauntlet | Found a large runed translucent door.
 15633 | Gauntlet | Found a runed translucent door.
 15634 | Gauntlet | Found a large runed translucent door.
 15635 | Gauntlet | Found a large runed translucent door.
 15920 | Gauntlet | Identified the ring "Ehosor" {Wiz rElec rC- rN+++ Dex+4}
 15998 | Gauntlet | HP: 2/79 [reaper (18)]
 16230 | Gauntlet | Noticed a minotaur
 16293 | Gauntlet | Killed a minotaur
 16470 | Lair:4   | Noticed Nergalle
 16505 | Lair:4   | Killed Nergalle
 17462 | Lair:5   | Reached skill level 14 in Invocations
 18047 | Lair:5   | Found a staircase to the Slime Pits.
 18047 | Lair:5   | Found a viscous altar of Jiyva.
 18185 | Lair:5   | Reached XP level 14. HP: 84/84 MP: 25/25
 18504 | Lair:6   | Entered Level 6 of the Lair of Beasts
 18537 | Lair:6   | Reached skill level 10 in Short Blades
 18748 | Lair:6   | Found a dark tunnel.
 18753 | Volcano  | Entered a volcano
 19380 | Lair:6   | HP: 1/84 [death yak (14)]
 19616 | Lair:6   | Found a transporter.
 19627 | Lair:6   | Found a transporter.
 19635 | Lair:6   | Noticed Conn's ghost (journeyman OpFE)
 19827 | Lair:6   | Reached skill level 10 in Shields
 19899 | Lair:6   | Reached skill level 15 in Invocations
 20146 | Lair:6   | Identified the +3 pearl dragon scales of Parlour Games {rN+
                  | Dex+3}
 20415 | Lair:6   | Identified the amulet "Yziaph" {RegenMP Harm Int+2 Stlth-}
 20490 | Lair:6   | Killed Conn's ghost
 21289 | D:13     | Found a gate to the Vaults.
 21442 | D:12     | Reached XP level 15. HP: 79/88 MP: 27/27
 21546 | D:13     | Found a basalt altar of Yredelemnul.
 21576 | D:13     | Reached skill level 1 in Armour
 21650 | D:13     | Found Cyoc's Weapon Shoppe.
 22499 | D:14     | Noticed Snorg
 22533 | D:14     | Killed Snorg
 23222 | D:15     | Entered Level 15 of the Dungeon
 23244 | D:15     | Found a frozen archway.
 23282 | IceCv    | Entered an ice cave
 23408 | IceCv    | Killed from afar by an ironbound frostheart

Illustrated notes

Levels and vault maps discovered:
D:1:      minmay_arrival_solitary_statue, layout_basic, serial_shops,
          shop_statue, shop, ebering_ecumenical_altar_sacrificial
D:2:      minmay_recursive_quarters, layout_loops_ring, uniq_natasha,
          uniq_crazy_yiuf_cottage, uniq_robin
D:3:      layout_basic, roderic_filled_cross, uniq_jessica
D:4:      layout_loops_ring, nicolae_shop_overcharged_wands, uniq_edmund,
          uniq_eustachio
D:5:      minmay_chambers_of_fours, layout_rooms, minmay_temple_entry_tees,
          grunt_ministairs_3
D:6:      layout_rooms
D:7:      layout_basic, mainiacjoe_overflow_tiny_flanked,
          kennysheep_generic_room_6
D:8:      layout_rooms, mainiacjoe_overflow_two_lobes, serial_shops, shop,
          amcnicky_mini_pool_medium, uniq_pikel, uniq_harold,
          uniq_prince_ribbit1
D:9:      layout_loops_ring, minmay_misc_feat_roman, uniq_maggie, uniq_erica
D:10:     layout_irregular_city, erik_lair_orcish_takeover
D:11:     layout_big_octagon, orc_0_dummy, enter_trove_0,
          nicolae_specific_store, minmay_splitting_lines, uniq_josephine,
          uniq_psyche
D:12:     layout_roguey
D:13:     layout_irregular_city, david_vaults_2, serial_shops, shop_statue,
          lemuel_zombie_altar_yredelemnul
D:14:     layout_loops_ring, kennysheep_boxes, uniq_snorg
D:15:     gammafunk_depths_entry_grave, layout_loops_ring,
          portal_ice_cave_entry_ice_simulacra, chequers_serial_rivers_micro_e,
          nicolae_ashenzari_panopticon
Temple:   mainiacjoe_temple_bowtie_tessellation
Lair:1:   layout_hall_layers, st_stairs_4, serial_bayou_shore_b,
          grunt_megastairs_1
Lair:2:   gammafunk_cloud_chamber, layout_long_grid, serial_forest,
          infiniplex_forest_lined_room_, infiniplex_forest_straight_3,
          infiniplex_forest_clump_small, infiniplex_forest_clump_small,
          infiniplex_forest_straight_1, infiniplex_forest_zigzag_1,
          infiniplex_forest_straight_4, infiniplex_forest_3_way,
          infiniplex_forest_clump_diagonal, minivault_19,
          lemuel_altar_in_water2, lemuel_old_faithful
Lair:3:   layout_roguey, guppyfry_snake_entry_island
Lair:4:   layout_layer_cave, nicolae_spider_entry_non_spiders,
          gauntlet_entry_generic, minmay_lair_oklob_bushes,
          chequers_serial_rivers_micro_a, serial_bayou_shore_a, uniq_nergalle
Lair:5:   layout_cave_pods, slime_altar_1, grunt_megastairs_2,
          infiniplex_staircase_pool
Lair:6:   grunt_lair_end_beastmaster, layout_long_grid,
          gammafunk_ghost_berserking_beasts, enter_volcano_4, wad_woods_road_05
IceCv:    ice_cave_small_giant

Skill      XL: |  1  2  3  4  5  6  7  8  9 10 11 12 13 14 15 |
---------------+----------------------------------------------+-----
Dodging        | 1 2 4 |  4.7
Stealth        | 5 6 8 10 | 10.0
Fighting       | 2 3 4 6 8 10 | 10.0
Short Blades   | 2 3 4 5 8 9 10 | 10.0
Throwing       | 2 3 |  3.0
Invocations    | 4 7 11 12 14 15 | 15.0
Shields        | 3 4 6 9 12 13 | 13.4
Armour         | 4 |  4.0

Action                   |  1- 3 |  4- 6 |  7- 9 | 10-12 | 13-15 || total
-------------------------+-------+-------+-------+-------+-------++-------
Melee: Dagger            |    69 |   171 |   365 |   230 |  1407 ||  2242
       Bite              |    15 |    50 |   180 |   394 |   780 ||  1419
       Unarmed           |       |     9 |       |       |       ||     9
       Rapier            |       |       |    77 |   707 |    13 ||   797
Throw: Dart              |     1 |    13 |    13 |       |       ||    27
       Throwing net      |       |       |       |     2 |     2 ||     4
Invok: Grand Finale      |       |       |       |     1 |     1 ||     2
       Stomp             |       |       |       |     3 |     9 ||    12
       Line Pass         |       |       |       |       |     2 ||     2
Evoke: Wand              |       |       |       |     3 |     7 ||    10
  Use: Potion            |     3 |     1 |       |     2 |     2 ||     8
       Scroll            |       |     2 |    17 |     6 |    10 ||    35
 Stab: Sleeping          |     7 |    16 |    15 |    13 |    25 ||    76
       Distracted        |       |       |     2 |     1 |     1 ||     4
       Paralysed         |       |       |     7 |    37 |    60 ||   104
       Held in net/web   |       |       |       |     1 |     1 ||     2
       Petrified         |       |       |       |       |     4 ||     4
Armor: Robe              |     9 |    31 |    21 |       |       ||    61
       Skin              |       |     2 |       |       |       ||     2
       Ring mail         |       |       |   143 |   509 |   275 ||   927
       Pearl dragon scal |       |       |       |       |   257 ||   257
Dodge: Dodged            |    27 |    85 |   173 |   507 |   439 ||  1231
Block: Buckler           |       |       |       |   240 |       ||   240
       Kite shield       |       |       |       |   192 |  1085 ||  1277
       Reflection        |       |       |       |       |    30 ||    30

Table legend: (Time is in decaauts)
 A = Elapsed time spent in this place.
 B = Non-inter-level travel time spent in this place.
 C = Inter-level travel time spent in this place.
 D = Time resting spent in this place.
 E = Time spent auto-exploring this place.
 F = Levels seen in this place.
 G = Mean time per level.
                   A        B        C        D        E       F      G
               +--------+--------+--------+--------+--------+-----+--------+
         Total |  22757 |  21566 |   1191 |   3822 |  11575 |  25 |  910.3 |
       Dungeon |  14120 |  13352 |    768 |   2412 |   7256 |  15 |  941.3 |
        Temple |    123 |     81 |     42 |      0 |     66 |   1 |  123.0 |
          Lair |   7487 |   7107 |    380 |   1141 |   3946 |   6 | 1247.8 |
      Ice Cave |     97 |     97 |      0 |      0 |     35 |   1 |   97.0 |
       Volcano |    198 |    198 |      0 |      0 |    128 |   1 |  198.0 |
      Gauntlet |    729 |    729 |      0 |    269 |    144 |   1 |  729.0 |
               +--------+--------+--------+--------+--------+-----+--------+

Top non-repeatable levels by time:
  Lair:2: 1813 daAuts
  Lair:6: 1671 daAuts
     D:7: 1335 daAuts
     D:4: 1328 daAuts
     D:2: 1284 daAuts
  Lair:4: 1277 daAuts
     D:3: 1190 daAuts
  Lair:5: 1142 daAuts
     D:1: 1089 daAuts
    D:10: 1062 daAuts
     D:5: 1059 daAuts
     D:9: 1010 daAuts
    D:14: 920 daAuts
    D:11: 897 daAuts
  Lair:3: 854 daAuts
